 Dungeon Crawl Stone Soup version 0.27-a0-46-g34d46f0a3f (webtiles) character file.

Game seed: 16840521280228101650

2984 Borgoz the Carver (level 10, -16/71 HPs)
             Began as a Halfling Gladiator on Jan 6, 2021.
             Was a Follower of Ashenzari.
             Demolished by a death yak (21 damage)
             ... on level 8 of the Dungeon.
             The game lasted 00:10:10 (6667 turns).

Borgoz the Carver (Halfling Gladiator)              Turns: 6667, Time: 00:10:10

Health: -16/71     AC: 14    Str: 23    XL:     10   Next: 9%
Magic:  10/10      EV: 19    Int:  6    God:    Ashenzari [*.....]
Gold:   436        SH:  0    Dex: 18    Spells: 9/9 levels left

rFire    . . .     SeeInvis .   D - +2 falchion (flame) (curse)
rCold    . . .     Faith    .   (shield restricted)
rNeg     . . .     Spirit   .   A - +0 troll leather armour
rPois    .         Reflect  .   c - +0 helmet
rElec    .         Harm     .   o - +2 cloak
rCorr    .         Rampage  .   (no gloves)
Will     .....                  x - +0 pair of boots
Stlth    ++........             (no amulet)
HPRegen  0.61/turn              F - +4 ring of protection
MPRegen  0.12/turn              f - ring "Iguvokli" {Str+6 Slay+3 Stlth+}

@: about to teleport
A: small, mutation resistance 1
a: Renounce Religion, Curse Item, Scrying


You were on level 8 of the Dungeon.
You worshipped Ashenzari.
Ashenzari was aware of your devotion.
You visited 2 branches of the dungeon, and saw 9 of its levels.

You collected 436 gold pieces.

Inventory:

Hand Weapons
 a - a +1 long sword
 D - a cursed +2 falchion of flaming (weapon)
 E - the +6 dagger "Qeunaele" {holy, *Noise rPois rF+ Will++}
   (You found it on level 6 of the Dungeon)

   It has been blessed by the Shining One to cause great damage to the undead
   and demons.
   It protects you from fire.
   It protects you from poison.
   It affects your willpower, your defense against some magical effects.
   It may make noises in combat.
 I - a +3 long sword of electrocution
 J - a cursed +7 long sword
Missiles
 d - 3 throwing nets (quivered)
Armour
 c - a +0 helmet (worn)
 o - a +2 cloak (worn)
 p - a +2 ring mail of fire resistance
 x - a +0 pair of boots (worn)
 A - a +0 troll leather armour (worn)
Jewellery
 e - an uncursed ring of positive energy
 f - the ring "Iguvokli" (right hand) {Str+6 Slay+3 Stlth+}
   (You found it on level 1 of the Dungeon)

   [ring of strength]

   It affects your strength (+6).
   It affects your accuracy and damage with ranged weapons and melee attacks
   (+3).
   It makes you more stealthy.
 F - a +4 ring of protection (left hand)
 G - a +6 ring of intelligence
 H - the cursed ring of Ugofili {rElec rF+++ AC-4 Str-3 Dex-5}
   (You found it on level 7 of the Dungeon)

   [ring of protection]

   It affects your AC (-4).
   It affects your strength (-3).
   It affects your dexterity (-5).
   It renders you almost immune to fire.
   It insulates you from electricity.
   It has a curse placed upon it.
Wands
 j - a wand of polymorph (6)
 k - a wand of flame (65)
 u - a wand of acid (26)
 w - a wand of random effects (21)
Scrolls
 b - 6 scrolls of teleportation
 i - 5 scrolls of remove curse
 n - a scroll of enchant armour
 v - a scroll of fear
 y - 4 scrolls of identify
 B - a scroll of blinking {unknown}
 C - 2 scrolls of acquirement {unknown}
Potions
 h - 2 potions of haste
 l - a potion of magic
 m - a potion of invisibility {unknown}
 q - a potion of lignification
 r - a potion of mutation {unknown}
 s - 4 potions of curing
 t - 2 potions of brilliance
 z - a potion of cancellation {unknown}


   Skills:
 * Level 7.2 Fighting
 * Level 8.2 Long Blades
 - Level 2.3 Throwing
 + Level 5.6 Armour
 + Level 6.8 Dodging


You had 9 spell levels left.
You didn't know any spells.
Your spell library contained the following spells:

 Spells                   Type           Power        Failure   Level
 Confusing Touch          Hex            0%           86%         3
 Gell's Gravitas          Tloc           0%           86%         3
 Petrify                  Tmut/Erth      0%           99%         4
 Metabolic Englaciation   Hex/Ice        0%           100%        5
 Yara's Violent Unravell  Hex/Tmut       0%           100%        5


Dungeon Overview and Level Annotations

Branches:
Dungeon (8/15)             Temple (1/1) D:6            Lair (0/6) D:8

Altars:
Ashenzari
Cheibriados
Dithmenos
Elyvilon
Fedhas
Gozag
Hepliaklqana
Kikubaaqudgha
Nemelex Xobeh
Okawaru
Ru
Sif Muna
Trog
Uskayaw
Vehumet
Wu Jian
Xom
Yredelemnul
Zin
The Shining One

Shops:
D:7 }

Annotations:
D:7 2 runed translucent doors


Innate Abilities, Weirdness & Mutations

You are small and have problems with some larger weapons.
You are somewhat resistant to further mutation.


Message History

The death yak is almost dead.
The death yak closely misses you.
You riposte.
You hit the death yak. You burn the death yak.
The death yak is almost dead.
You hit the death yak but do no damage.
The death yak is almost dead.
The death yak gores you!!
* * * LOW HITPOINT WARNING * * *
You hit the death yak but do no damage.
The death yak is almost dead.
The death yak closely misses you.
The yak snorts and paws the ground.
You hit the death yak. You burn the death yak.
The death yak is almost dead.
The death yak gores you but does no damage.
You feel better. The death yak gores you!!
* * * LOW HITPOINT WARNING * * *
As you read the scroll of teleportation, it crumbles to dust.
You feel strangely unstable. The death yak gores you!!
You die...

###..## #.##.?..##
##..## ........#.
##..## .........#
##.)## .........
##..## ........<
##..####
........####..###.##
...>...Y##.....##..#
......YYY@.........##
.......Y####........##
........# ###.......#
....[#..# #.......##
........# ##........#
........# #.........##
##.##.### #..........#
#. .. ##.........##
#..........#


You could see 3 death yaks and 2 yaks.

Vanquished Creatures
  A troll (D:5)
  A shadow (D:7)
  A wyvern (D:3)
  An orc warrior (D:6)
  3 ice beasts (D:7)
  A black bear (D:6)
  A phantom (D:4)
  2 centaurs
  An ogre (D:4)
  3 bullfrogs
  A wyvern zombie (D:8)
  3 scorpions
  A howler monkey (D:3)
  7 wights
  3 hounds
  A jelly (D:6)
  2 orc priests (D:3)
  2 iguanas
  8 orc wizards
  2 worker ants (D:4)
  Natasha (thrice) (D:2)
  12 gnolls
  A worker ant zombie (D:5)
  13 adders
  2 ufetubi
  An ooze (D:7)
  3 adder zombies
  2 adder skeletons
  A worm (D:3)
  5 dart slugs
  3 leopard geckos
  14 orcs
  3 giant cockroaches
  7 hobgoblins
  17 jackals
  4 quokkas
  2 ball pythons
  4 bats
  7 frilled lizards
  6 goblins
  6 kobolds
  A leopard gecko zombie (D:4)
  3 quokka skeletons
  5 rats
170 creatures vanquished.

Notes
Turn   | Place    | Note
-------+----------+-------------------------------------------
     0 | D:1      | Borgoz the Halfling Gladiator began the quest for the Orb.
     0 | D:1      | Reached XP level 1. HP: 14/14 MP: 1/1
    47 | D:1      | Reached XP level 2. HP: 19/19 MP: 2/2
   156 | D:1      | Got a glittering bone ring
   165 | D:1      | Identified the ring "Iguvokli" {Str+6 Slay+3 Stlth+} (You
                  | found it on level 1 of the Dungeon)
   387 | D:1      | Reached XP level 3. HP: 24/24 MP: 3/3
   812 | D:2      | Noticed Natasha
   814 | D:2      | Killed Natasha
   815 | D:2      | Reached skill level 1 in Armour
   815 | D:2      | Reached XP level 4. HP: 30/30 MP: 4/4
   878 | D:2      | Noticed Natasha
   884 | D:2      | Killed Natasha
   885 | D:2      | Reached XP level 5. HP: 35/35 MP: 5/5
   936 | D:2      | Noticed Natasha
   943 | D:2      | Killed Natasha
  1100 | D:2      | Reached skill level 4 in Long Blades
  1585 | D:3      | Reached XP level 6. HP: 42/42 MP: 6/6
  1743 | D:3      | Found a sparkling altar of Nemelex Xobeh.
  2596 | D:3      | Noticed a wyvern
  2604 | D:3      | Killed a wyvern
  2605 | D:3      | Reached skill level 5 in Long Blades
  2605 | D:3      | Reached XP level 7. HP: 14/48 MP: 7/7
  3251 | D:4      | Reached skill level 5 in Dodging
  3251 | D:4      | Reached XP level 8. HP: 30/54 MP: 8/8
  4049 | D:4      | Reached skill level 5 in Fighting
  4049 | D:4      | Reached skill level 6 in Long Blades
  4217 | D:5      | Entered Level 5 of the Dungeon
  4310 | D:5      | Found a radiant altar of Vehumet.
  4392 | D:5      | Found a glowing golden altar of the Shining One.
  4670 | D:5      | Noticed a troll
  4677 | D:5      | Killed a troll
  4678 | D:5      | Reached XP level 9. HP: 36/62 MP: 9/9
  4964 | D:6      | Reached skill level 7 in Long Blades
  5082 | D:6      | Got a brightly glowing dagger
  5158 | D:6      | Reached skill level 5 in Armour
  5174 | D:6      | Found a staircase to the Ecumenical Temple.
  5292 | Temple   | Entered the Ecumenical Temple
  5442 | Temple   | Became a worshipper of Ashenzari the Shackled
  5442 | Temple   | Identified the +6 dagger "Qeunaele" {holy, *Noise rPois rF+
                  | Will++} (You found it on level 6 of the Dungeon)
  5685 | D:6      | Found an ancient bone altar of Kikubaaqudgha.
  6144 | D:7      | Found Ebilan's Gadget Boutique.
  6245 | D:7      | Reached * piety under Ashenzari
  6246 | D:7      | Found a large runed translucent door.
  6246 | D:7      | Found a large runed translucent door.
  6247 | D:7      | Found a large runed translucent door.
  6247 | D:7      | Found a large runed translucent door.
  6253 | D:7      | Identified the cursed ring of Ugofili {rElec rF+++ AC-4
                  | Str-3 Dex-5}
  6419 | D:7      | Reached skill level 8 in Long Blades
  6491 | D:7      | Reached XP level 10. HP: 71/71 MP: 10/10
  6640 | D:8      | Noticed a death yak
  6642 | D:8      | Found a staircase to the Lair.
  6644 | D:8      | Noticed a death yak
  6644 | D:8      | Noticed a death yak
  6667 | D:8      | Demolished by a death yak

Illustrated notes

Levels and vault maps discovered:
D:1:      dpeg_arrival_tiny_a, layout_loops_corners, dk_noncrumbling_4
D:2:      layout_loops_ring, uniq_natasha
D:3:      layout_basic, nemelex_xobeh_ov_fountains_minmay, grunt_ministairs_12
D:4:      layout_basic
D:5:      layout_basic, nicolae_tso_swordbearing_angel,
          nicolae_overflow_hidden_temple, minmay_misc_feat_rows,
          vehumet_altar_wand_db
D:6:      minmay_evil_eye, layout_gridville, marbit_many_paths, temple_statues
D:7:      layout_basic, serial_shops, shop_fountains,
          minmay_hollow_rounded_squares
D:8:      layout_cave_pods, dpeg_lair_monsters
Temple:   eino_temple_rhombus

Skill      XL: |  1  2  3  4  5  6  7  8  9 |
---------------+----------------------------+-----
Fighting       | 2 3 4 5 7 |  7.2
Armour         | 1 2 3 4 5 |  5.6
Dodging        | 4 5 6 |  6.8
Long Blades    | 4 5 6 8 |  8.2
Throwing       | |  2.3

Action                   |  1- 3 |  4- 6 |  7- 9 | 10-12 || total
-------------------------+-------+-------+-------+-------++-------
Melee: Long sword        |    48 |    90 |   180 |       ||   318
       Falchion          |       |       |    88 |    32 ||   120
Throw: Throwing net      |       |     1 |       |     1 ||     2
  Use: Scroll            |     1 |     7 |     4 |     1 ||    13
       Potion            |       |       |       |     2 ||     2
 Stab: Sleeping          |     6 |       |    14 |     1 ||    21
       Held in net/web   |       |       |       |     2 ||     2
Armor: Leather armour    |     6 |       |       |       ||     6
       Scale mail        |     2 |     6 |       |       ||     8
       Ring mail         |       |    17 |    49 |       ||    66
       Troll leather arm |       |       |    27 |     2 ||    29
Dodge: Dodged            |    38 |    74 |   259 |    13 ||   384
       Rpst.: Long sword |    10 |    17 |    51 |       ||    78
       Falchion          |       |       |    22 |     5 ||    27

Table legend: (Time is in decaauts)
 A = Elapsed time spent in this place.
 B = Non-inter-level travel time spent in this place.
 C = Inter-level travel time spent in this place.
 D = Time resting spent in this place.
 E = Time spent auto-exploring this place.
 F = Levels seen in this place.
 G = Mean time per level.
                   A        B        C        D        E       F      G
               +--------+--------+--------+--------+--------+-----+--------+
         Total |   6710 |   6391 |    319 |    573 |   4694 |   9 |  745.6 |
       Dungeon |   6543 |   6264 |    279 |    573 |   4569 |   8 |  817.9 |
        Temple |    166 |    126 |     40 |      0 |    125 |   1 |  166.0 |
               +--------+--------+--------+--------+--------+-----+--------+

Top non-repeatable levels by time:
     D:3: 1577 daAuts
     D:4: 1113 daAuts
     D:7: 834 daAuts
     D:1: 797 daAuts
     D:2: 781 daAuts
     D:6: 690 daAuts
     D:5: 674 daAuts
  Temple: 166 daAuts
     D:8: 76 daAuts
